 Dungeon Crawl Stone Soup version 0.31-a0-836-g3ceb0a68c4 (webtiles) character file.

Game seed: 11968569069368266616

148 Kurtz the Chopper (level 5, -1/36 HPs)
             Began as an Octopode Fighter on Sept 27, 2023.
             Slain by a gnoll
             ... wielding a +0 whip
              (7 damage)
             ... on level 3 of the Dungeon.
             The game lasted 00:01:04 (1383 turns).

Kurtz the Chopper (Octopode Fighter)                Turns: 1383, Time: 00:01:05

Health: -1/36      AC:  1    Str: 18    XL:     5   Next: 30%
Magic:  5/5        EV: 13    Int: 10    God:
Gold:   149        SH:  4    Dex: 11    Spells: 4/4 levels left

rFire   . . .        a - +0 war axe
rCold   . . .        b - +0 buckler
rNeg    . . .        (helmet restricted)
rPois   .            (no amulet)
rElec   .            (no ring)
rCorr   .            (no ring)
SInv    .            (no ring)
Will    .....        (no ring)
Stlth   ++           (no ring)
HPRegen 0.26/turn    (no ring)
MPRegen 0.09/turn    (no ring)
                     (no ring)

%: no passive effects
@: mighty
A: almost no armour, amphibious, 8 rings, camouflage 1, gelatinous body 1,
(nimble swimmer 1), tentacles
a: no special abilities


You were on level 3 of the Dungeon.
You visited 1 branch of the dungeon, and saw 3 of its levels.

You collected 149 gold pieces.

Inventory:

Hand Weapons
 a - a +0 war axe (weapon)
Missiles
 h - 6 boomerangs
Armour
 b - a +0 buckler (worn)
Scrolls
 d - a scroll of amnesia {unknown}
 f - 2 scrolls of identify {unknown}
Potions
 e - 2 potions of attraction {unknown}
 g - a potion of enlightenment {unknown}


   Skills:
 - Level 3.0 Fighting
 * Level 5.3 Axes
 - Level 3.0 Dodging
 - Level 3.0 Shields


You had 4 spell levels left.
You didn't know any spells.
Your spell library contained the following spells:

 Spells                   Type           Power      Damage    Failure   Level
 Slow                     Hex            0%         N/A       43%         1
 Lesser Beckoning         Tloc           0%         N/A       58%         2
 Confusing Touch          Hex            0%         N/A       82%         3
 Gell's Gravitas          Tloc           0%         N/A       82%         3
 Sigil of Binding         Hex            0%         N/A       82%         3
 Teleport Other           Tloc           0%         N/A       82%         3
 Tukima's Dance           Hex            0%         N/A       82%         3
 Vampiric Draining        Necr           0%         2d6       82%         3
 Passage of Golubria      Tloc           0%         N/A       99%         4
 Yara's Violent Unravell  Hex/Tmut       0%         3d3       100%        5


Dungeon Overview and Level Annotations

Branches:
Dungeon (3/15)

Altars:


Innate Abilities, Weirdness & Mutations

You cannot wear most types of armour.
You are amphibious.
You can wear up to eight rings at the same time.
Your skin changes colour to match your surroundings (Stealth+).
Your rubbery body absorbs attacks. (AC +1, EV +1)
((You are camouflaged when in or above water. (Stealth+)))
You have tentacles for arms and can constrict up to eight enemies at once.


Message History

The gnoll shouts!
A gnoll comes into view. It is wielding a +2 whip of draining.
The gnoll barely misses you.
You closely miss the gnoll.
The gnoll shouts!
You grab the gnoll. You constrict the gnoll.
The gnoll hits you with a +0 flail!
There are monsters nearby!
You hit the gnoll.
The gnoll is severely wounded.
You closely miss the gnoll. You constrict the gnoll. The gnoll misses you. x2
You block the gnoll's attack.
The gnoll hits you with a +0 short sword.
There are monsters nearby!
You slash the gnoll!
You kill the gnoll!
You closely miss the gnoll. The gnoll barely misses you.
There are monsters nearby!
You hit the gnoll but do no damage. Your grab misses the gnoll.
You squeeze the gnoll, but do no damage.
The gnoll hits you with a +0 short sword!
Unknown command.
You are too injured to fight recklessly!
Unknown command.
The gnoll hits you with a +0 short sword.
You see here 8 gold pieces.
You closely miss the gnoll. You grab the gnoll. You squeeze the gnoll!
The gnoll is severely wounded.
You constrict the gnoll.
The gnoll hits you with a +0 short sword. x2
You hit the gnoll.
The gnoll is almost dead.
You constrict the gnoll.
You kill the gnoll!
You feel very mighty all of a sudden. The gnoll hits you with a +0 whip.
* * * LOW HITPOINT WARNING * * *
You completely miss the gnoll. Your grab misses the gnoll.
The gnoll hits you with a +0 whip!
You die...

#.# #.#.# #.#
#.#.#####
#.#####........
#.......#.#####
######+#####.#.#
#.........##.#.####.
#.........##........
.#.........##.######.
.'..).)...gg@........
.######.#####.##.###.
.... #........
###......)...###.
#.#####..### #.# #...
#.. #..#. ..# #..#.#
#..# .


You could see 2 gnolls.

Vanquished Creatures
  Robin (D:2)
  6 gnolls
  An adder (D:2)
  4 ball pythons
  6 endoplasms
  A giant cockroach (D:2)
  13 goblins
  9 hobgoblins
  7 jackals
  3 kobolds (D:2)
  3 quokkas (D:2)
  3 bats
  5 frilled lizards
  5 rats
67 creatures vanquished.

Notes
Turn   | Place    | Note
-------+----------+-------------------------------------------
     0 | D:1      | Kurtz the Octopode Fighter began the quest for the Orb.
     0 | D:1      | Reached XP level 1. HP: 16/16 MP: 1/1
    61 | D:1      | Reached XP level 2. HP: 21/21 MP: 2/2
   260 | D:1      | Reached skill level 3 in Axes
   586 | D:2      | Reached XP level 3. HP: 24/26 MP: 3/3
   647 | D:2      | Noticed Robin
   663 | D:2      | Killed Robin
   664 | D:2      | Reached skill level 4 in Axes
   864 | D:2      | Reached XP level 4. HP: 31/31 MP: 4/4
   991 | D:2      | Reached skill level 5 in Axes
  1036 | D:2      | Reached XP level 5. HP: 36/36 MP: 5/5
  1383 | D:3      | Slain by a gnoll

Illustrated notes

Levels and vault maps discovered:
D:1:      nicolae_arrival_memento_mori, layout_basic
D:2:      layout_basic, kennysheep_generic_room_11, uniq_robin
D:3:      layout_basic, kennysheep_generic_room_8

Skill      XL: |  1  2  3  4 |
---------------+-------------+-----
Axes           | 3 4 5 |  5.3
Fighting       | |  3.0
Dodging        | |  3.0
Shields        | |  3.0

Action                     |  1- 3 |  4- 6 || total
---------------------------+-------+-------++-------
  Melee: War axe           |    69 |    47 ||   116
         Tentacles         |    15 |    12 ||    27
         Constrict         |    14 |    15 ||    29
         Punch             |     1 |       ||     1
    Use: Potion            |       |     2 ||     2
   Stab: Sleeping          |     9 |     2 ||    11
 Armour: Skin              |    20 |    25 ||    45
  Dodge: Dodged            |    45 |    37 ||    82
  Block: Buckler           |    14 |     7 ||    21

Table legend: (Time is in decaauts)
 A = Elapsed time spent in this place.
 B = Non-inter-level travel time spent in this place.
 C = Inter-level travel time spent in this place.
 D = Time resting spent in this place.
 E = Time spent auto-exploring this place.
 F = Levels seen in this place.
 G = Mean time per level.
                   A        B        C        D        E       F      G
               +--------+--------+--------+--------+--------+-----+--------+
         Total |   1423 |   1362 |     61 |    226 |    827 |   3 |  474.3 |
       Dungeon |   1423 |   1362 |     61 |    226 |    827 |   3 |  474.3 |
               +--------+--------+--------+--------+--------+-----+--------+

Top non-repeatable levels by time:
     D:2: 774 daAuts
     D:1: 582 daAuts
     D:3: 66 daAuts
